AoeStats
← suvdan.77

Black Forest

510361372Analyzed
2v2 RM · 18h ago on Sep 30, 2026· 52m 44s· 4 players
Game mode
Random Map
Map size
Medium (4 player)
Population
200
Speed
Normal
Resources
Standard
Victory
Conquest
Starting age
Dark Age
Ending age
Imperial Age
RankedLock teamsTeams togetherTeam positionsShared explorationLock speedFull tech treeHidden civsTurbo modeCheats
Victory
Defeat
🇭🇺 Franks · Hungary
560
+19
🇨🇱 Mapuche · Chile
500
+21
641
-20
🇷🇴 Huns · Romania
608
-48
suvdan.77
0:36 Loom
13:17 Feudal Age
17:43 Castle Age
31:57 Double-Bit Axe
32:06 Gold Mining
34:58 Imperial Age
32:44 Scale Barding Armor
32:39 Padded Archer Armor
32:30 Fletching
32:50 Forging
32:52 Scale Mail Armor
33:12 Man-at-Arms
33:12 Pikeman
33:38 Gambesons
33:55 Squires
34:09 Long Swordsman
35:31 Iron Casting
35:12 Chain Mail Armor
35:13 Leather Archer Armor
34:54 Bodkin Arrow
35:20 Chain Barding Armor
35:47 Gold Shaft Mining
35:02 Stone Mining
35:31 Bow Saw
35:06 Cavalier
35:47 Husbandry
35:10 Two-Handed Swordsman
37:02 Chemistry
37:18 Blast Furnace
36:48 Plate Mail Armor
36:56 Wheelbarrow
37:08 Paladin
38:33 Plate Barding Armor
38:15 Hand Cart
37:51 Champion
42:42 Halberdier
50:53 Caravan
Franco Joao G
0:40 Loom
16:14 Feudal Age
25:41 Castle Age
30:19 Caravan
30:20 Gold Mining
31:31 Double-Bit Axe
34:06 Gold Shaft Mining
32:59 Elite Skirmisher
38:40 Imperial Age
37:52 Wheelbarrow
37:13 Town Watch
39:38 Elite Kona
46:45 Chemistry
46:39 Hand Cart
46:53 Bow Saw
47:46 Forging
49:06 Scale Mail Armor
49:42 Iron Casting
50:32 Elite Bolas Rider
51:30 Padded Archer Armor
52:36 Malon
Reformed Ardiles Adevartu
9:24 Loom
11:50 Feudal Age
18:53 Castle Age
16:49 Horse Collar
16:58 Double-Bit Axe
20:07 Stone Mining
21:31 Bow Saw
21:26 Heavy Plow
25:21 Wheelbarrow
25:07 Gold Mining
29:12 Hand Cart
33:41 Imperial Age
31:25 Scale Barding Armor
31:30 Forging
33:22 Elite War Elephant
34:44 Chain Barding Armor
35:00 Iron Casting
35:30 Gold Shaft Mining
39:51 Plate Barding Armor
40:17 Blast Furnace
Ceafa de Porc
11:32 Feudal Age
21:40 Castle Age
22:02 Wheelbarrow
21:23 Town Watch
31:53 Hand Cart
40:01 Imperial Age
38:16 Marauders
52:10 Elite Tarkan
Connection lost

Rejoining the realm…

Still unreachable

The connection could not be restored.

Session expired

The server has moved on; the page needs a fresh start.